AoeStats
← FloAoE

Arena

509842920Analyzed
4v4 RM · 3d ago on Sep 28, 2026· 57m 5s· 8 players
Game mode
Random Map
Map size
Large (8 player)
Population
200
Speed
Normal
Resources
Standard
Victory
Conquest
Starting age
Dark Age
Ending age
Imperial Age
RankedLock teamsTeams togetherTeam positionsShared explorationLock speedFull tech treeHidden civsTurbo modeCheats
Victory
Defeat
🇨🇳 Mongols · China
1402
+17
🇨🇳 Burgundians · China
1402
+17
🇨🇳 Bohemians · China
1396
+17
🇮🇳 Persians · India
1361
+19
🇭🇰 Celts · Hong Kong SAR China
1452
-18
🇦🇺 Britons · Australia
1441
-18
🇩🇪 Vietnamese · Germany
1425
-18
🇩🇪 Malay · Germany
1395
-16
arsenalchelsea2
10:18 Feudal Age
10:43 Feudal Age
11:48 Horse Collar
12:19 Double-Bit Axe
14:41 Castle Age
15:21 Bow Saw
22:41 Wheelbarrow
22:55 Stone Mining
23:14 Gold Mining
25:31 Hand Cart
25:02 Loom
28:29 Imperial Age
26:55 Gold Shaft Mining
26:23 Heavy Plow
27:13 Scale Barding Armor
28:17 Stone Shaft Mining
28:14 Chain Barding Armor
28:31 Bloodlines
28:22 Husbandry
28:16 Town Watch
29:19 Conscription
28:37 Elite War Elephant
30:12 Plate Barding Armor
32:22 Forging
34:35 Iron Casting
37:20 Crop Rotation
39:26 Citadels
38:54 Light Cavalry
40:05 Hussar
45:43 Coinage
46:26 Hoardings
48:23 Banking
50:07 Caravan
56:05 Blast Furnace
用爱感化队友
10:33 Feudal Age
14:05 Castle Age
12:20 Double-Bit Axe
13:51 Horse Collar
19:55 Bow Saw
19:58 Loom
20:36 Fletching
22:38 Masonry
23:04 Ballistics
23:15 Bodkin Arrow
24:58 Chemistry
24:24 Town Watch
25:22 Padded Archer Armor
26:04 Wagenburg Tactics
31:18 Imperial Age
29:40 Wheelbarrow
30:13 Fortified Wall
30:51 Heavy Plow
31:59 Leather Archer Armor
32:38 Conscription
33:04 Bracer
34:33 Ring Archer Armor
35:08 Two-Man Saw
35:54 Hand Cart
36:10 Capped Ram
38:43 Elite Hussite Wagon
40:06 Light Cavalry
40:47 Husbandry
40:55 Scale Barding Armor
41:00 Forging
44:51 Coinage
44:23 Caravan
44:33 Guilds
45:30 Houfnice
47:41 Chain Barding Armor
47:57 Iron Casting
50:03 Sappers
51:15 Banking
牛比无极限
9:02 Feudal Age
14:06 Castle Age
12:31 Double-Bit Axe
13:18 Horse Collar
16:13 Loom
19:02 Bow Saw
19:58 Wheelbarrow
21:08 Padded Archer Armor
21:27 Fletching
22:19 Bloodlines
22:44 Gold Mining
23:47 Bodkin Arrow
27:53 Ballistics
28:14 Leather Archer Armor
28:23 Hand Cart
34:36 Imperial Age
33:16 Nomads
34:34 Fortified Wall
36:10 Fortified Wall
36:41 Parthian Tactics
36:20 Elite Skirmisher
38:30 Conscription
38:51 Bracer
40:41 Thumb Ring
42:51 Chemistry
43:46 Onager
44:50 Siege Engineers
46:22 Drill
47:12 Drill
50:55 Caravan
53:17 Town Watch
Dd
4:57 Double-Bit Axe
7:06 Loom
8:52 Horse Collar
11:59 Feudal Age
16:36 Castle Age
15:23 Bow Saw
20:02 Wheelbarrow
22:52 Gold Mining
25:21 Two-Man Saw
30:42 Imperial Age
28:12 Stone Mining
28:41 Scale Barding Armor
29:04 Forging
30:20 Chain Barding Armor
30:23 Hand Cart
31:45 Iron Casting
32:40 Chemistry
32:38 Plate Barding Armor
31:54 Fletching
32:28 Conscription
32:36 Heavy Plow
33:22 Gold Shaft Mining
33:29 Gold Shaft Mining
33:18 Burgundian Vineyards
34:15 Bodkin Arrow
35:21 Blast Furnace
34:54 Husbandry
35:48 Bracer
35:53 Elite Coustillier
40:54 Crop Rotation
41:15 Bombard Tower
42:00 Ballistics
41:42 Murder Holes
44:27 Light Cavalry
45:12 Elite Skirmisher
45:52 Hussar
48:44 Hoardings
48:28 Padded Archer Armor
48:29 Scale Mail Armor
51:10 Leather Archer Armor
FloAoE
11:38 Feudal Age
12:01 Feudal Age
14:56 Castle Age
12:58 Double-Bit Axe
13:13 Horse Collar
17:24 Bow Saw
19:17 Fletching
20:03 Heavy Plow
22:10 Gold Mining
23:19 Wheelbarrow
23:27 Stone Mining
25:29 Hand Cart
28:25 Imperial Age
25:42 Loom
26:15 Bodkin Arrow
26:26 Stone Mining
27:16 Forging
27:35 Town Watch
27:47 Treadmill Crane
28:27 Ballistics
28:50 Iron Casting
28:37 Conscription
29:05 Town Patrol
29:17 Elite Karambit Warrior
30:12 Bracer
31:12 Blast Furnace
30:32 Pikeman
31:12 Squires
30:58 Arson
31:03 Halberdier
41:01 Chemistry
46:13 Crop Rotation
Kawa
10:29 Feudal Age
14:05 Castle Age
12:04 Double-Bit Axe
13:02 Horse Collar
15:03 Bow Saw
16:05 Wheelbarrow
19:15 Heavy Plow
20:27 Hand Cart
20:34 Stone Mining
21:07 Gold Mining
27:54 Imperial Age
26:23 Stone Shaft Mining
25:35 Loom
25:36 Town Watch
25:41 Loom
27:40 Ballistics
27:30 Masonry
29:40 Chemistry
28:48 Siege Engineers
28:35 Fletching
28:46 Padded Archer Armor
29:28 Paper Money
28:29 Elite Rattan Archer
29:48 Guilds
31:07 Two-Man Saw
30:41 Crop Rotation
30:25 Bodkin Arrow
31:07 Thumb Ring
32:11 Masonry
31:57 Murder Holes
32:55 Bracer
33:10 Leather Archer Armor
33:38 Hoardings
34:51 Light Cavalry
35:41 Bloodlines
35:32 Husbandry
36:09 Elite Battle Elephant
37:20 Ring Archer Armor
36:55 Scale Barding Armor
37:00 Forging
39:39 Chain Barding Armor
39:37 Chatras
48:30 Plate Barding Armor
48:31 Iron Casting
50:34 Pikeman
51:14 Squires
51:32 Halberdier
51:59 Halberdier
52:53 Scale Mail Armor
53:02 Halberdier
54:09 Chain Mail Armor
55:21 Plate Mail Armor
Freegan
2:30 Loom
10:10 Feudal Age
12:08 Horse Collar
14:35 Castle Age
14:15 Double-Bit Axe
22:00 Bow Saw
23:07 Wheelbarrow
23:29 Heavy Plow
29:19 Imperial Age
27:26 Pikeman
28:17 Forging
28:07 Scale Mail Armor
28:33 Hand Cart
31:44 Gold Mining
31:44 Stone Mining
32:30 Iron Casting
32:10 Chain Mail Armor
32:05 Siege Engineers
33:03 Chemistry
31:56 Onager
33:21 Heavy Scorpion
33:23 Capped Ram
35:38 Gold Shaft Mining
35:39 Stone Shaft Mining
35:21 Halberdier
37:02 Blast Furnace
36:32 Plate Mail Armor
37:02 Blast Furnace
37:34 Siege Ram
40:05 Furor Celtica
45:34 Fletching
48:37 Elite Woad Raider
49:36 Bodkin Arrow
49:53 Masonry
50:04 Ballistics
51:15 Siege Onager
Vinkz
11:16 Feudal Age
15:30 Castle Age
14:13 Double-Bit Axe
14:10 Horse Collar
14:34 Loom
16:48 Bow Saw
16:40 Gold Mining
26:57 Imperial Age
27:02 Fletching
28:13 Bodkin Arrow
28:42 Ballistics
29:58 Bracer
32:34 Chemistry
31:36 Padded Archer Armor
33:20 Conscription
33:29 Leather Archer Armor
34:29 Wheelbarrow
34:56 Ring Archer Armor
35:42 Stone Mining
37:29 Elite Longbowman
39:22 Hand Cart
42:25 Yeomen
43:40 Masonry
46:45 Siege Engineers
47:11 Architecture
47:18 Hoardings
48:32 Gold Shaft Mining
52:57 Caravan
53:45 Warwolf
Connection lost

Rejoining the realm…

Still unreachable

The connection could not be restored.

Session expired

The server has moved on; the page needs a fresh start.